[Event "FIDE WYCC Girls U14 2023"]
[Site "Montesilvano"]
[Date "2023.11.23"]
[Round "10.28"]
[White "Andries, Alexia"]
[Black "Alemanova, Yasmina"]
[Result "1/2-1/2"]
[ECO "E47"]
[WhiteElo "1750"]
[BlackElo "1570"]
[Annotator "NA"]
[PlyCount "87"]
[EventDate "2023.11.13"]
[EventType "swiss"]
[EventCountry "ITA"]
[SourceTitle "playchess.com"]
[Source "ChessBase"]
[SourceQuality "1"]
[TimeControl "40/5400+30:1800+30"]

1. d4 Nf6 2. c4 e6 3. Nc3 Bb4 4. e3 O-O 5. Bd3 b6 6. Nf3 Bb7 7. O-O Bxc3 8. bxc3 Ne4 9. Ne1 f5 10. f3 Nf6 11. Qc2 c5 12. Qe2 Nc6 13. Nc2 d6 14. e4 fxe4 15. fxe4 Qc7 16. Bg5 Nd7 17. Qg4 Rxf1+ 18. Rxf1 Nf8 19. h4 Kh8 20. h5 h6 21. Bd2 Qe7 22. Rf3 cxd4 23. cxd4 e5 24. d5 Na5 25. Ne3 Bc8 26. Nf5 Nb7 27. Qg3 Bxf5 28. Rxf5 Nh7 29. Qg6 Rf8 30. Be2 Nc5 31. Be3 Rxf5 32. Qxf5 Qf8 33. Qxf8+ Nxf8 34. Bxc5 bxc5 35. Bg4 g6 36. hxg6 Nxg6 37. g3 Kg7 38. Kf2 Kf6 39. Kf3 Kg5 40. Bd7 h5 41. Be8 Kf6 42. Bxg6 Kxg6 43. Kg2 Kf6 44. Kh2 1/2-1/2

[Event "FIDE WYCC Girls U14 2023"]
[Site "Montesilvano"]
[Date "2023.11.23"]
[Round "10.29"]
[White "Seyhan, Pelin"]
[Black "Caku, Kler"]
[Result "1-0"]
[ECO "C50"]
[WhiteElo "1461"]
[BlackElo "1740"]
[Annotator "NA RC"]
[PlyCount "151"]
[EventDate "2023.11.13"]
[EventType "swiss"]
[EventCountry "ITA"]
[SourceTitle "playchess.com"]
[Source "ChessBase"]
[SourceQuality "1"]
[TimeControl "40/5400+30:1800+30"]

1. e4 e5 2. Nf3 Nc6 3. d4 exd4 4. Bc4 Be7 5. c3 d6 6. Qb3 Na5 7. Bxf7+ Kf8 8. Qa4 Kxf7 9. Qxa5 Nf6 10. O-O Rf8 11. Qb5 h6 12. Qb3+ Be6 13. Qxb7 Qd7 14. Qa6 Nxe4 15. Nxd4 Nc5 16. Qe2 Bf6 17. Be3 Rae8 18. Nxe6 Nxe6 19. Nd2 d5 20. Nb3 Kg8 21. Qd3 Bg5 22. Nc5 Nxc5 23. Bxc5 Rf5 24. Bxa7 Bf4 25. g3 Bd6 26. Be3 Re4 27. f3 Re7 28. Rf2 Rh5 29. Rg2 Rhe5 30. Bd2 Qe6 31. b4 c5 32. a4 c4 33. Qf1 Bb8 34. a5 Ba7+ 35. Kh1 Qc6 36. Re1 Rxe1 37. Bxe1 Qe6 38. Bf2 d4 39. Bxd4 Bxd4 40. cxd4 Qd5 41. Rc2 Rc7 42. Qe2 Qb5 43. Qe6+ Kh8 44. Qb6 Qf5 45. Rc3 Rc8 46. Qa6 h5 47. Kg2 h4 48. g4 Qd7 49. Rxc4 Re8 50. Rc5 Qxd4 51. Rc8 Qd2+ 52. Kh3 Rxc8 53. Qxc8+ Kh7 54. Qf5+ Kg8 55. Qe6+ Kh7 56. Kxh4 Qxh2+ 57. Kg5 Qd2+ 58. f4 Qd8+ 59. Kh5 Qa8 60. a6 Qh1+ 61. Kg5 Qa8 62. b5 Qd8+ 63. Kh5 Qa8 64. Qg6+ Kh8 65. Qc6 g6+ 66. Kh4 Qd8+ 67. Kg3 Qd3+ 68. Qf3 Qd4 69. Qa8+ Kg7 70. Qb7+ Kg8 71. a7 Qg1+ 72. Kh4 Qf2+ 73. Kg5 Qc5+ 74. Kxg6 Qd6+ 75. Kh5 Qc5+ 76. f5 1-0

[Event "FIDE WYCC Girls U14 2023"]
[Site "Montesilvano"]
[Date "2023.11.23"]
[Round "10.30"]
[White "Qi, Jenny"]
[Black "Chasouraki, Chrysi"]
[Result "1/2-1/2"]
[ECO "B40"]
[WhiteElo "1737"]
[BlackElo "1559"]
[Annotator "NA RC"]
[PlyCount "110"]
[EventDate "2023.11.13"]
[EventType "swiss"]
[EventCountry "ITA"]
[SourceTitle "playchess.com"]
[Source "ChessBase"]
[SourceQuality "1"]
[TimeControl "40/5400+30:1800+30"]

1. e4 c5 2. Nf3 e6 3. d4 cxd4 4. Nxd4 Nf6 5. Nc3 Nc6 6. Ndb5 Bb4 7. a3 Bxc3+ 8. Nxc3 d5 9. exd5 exd5 10. Bd3 O-O 11. O-O d4 12. Ne4 Bf5 13. Bg5 Bxe4 14. Bxe4 h6 15. Bxc6 bxc6 16. Bh4 Qd6 17. Qf3 Nd7 18. Rfe1 Ne5 19. Qe4 Rae8 20. Bg3 f6 21. Rad1 c5 22. Qf5 Qb6 23. f4 Nf7 24. b3 Qc6 25. Bf2 Nd6 26. Qd3 Ne4 27. Qc4+ Qe6 28. Qxe6+ Rxe6 29. b4 Nxf2 30. Kxf2 Rxe1 31. Kxe1 cxb4 32. axb4 Rc8 33. Rxd4 Rxc2 34. Kf1 Rb2 35. h3 h5 36. f5 Kh7 37. Rh4 g6 38. g4 g5 39. Rxh5+ Kg7 40. h4 gxh4 41. Rxh4 Rxb4 42. Ke2 a5 43. Kd3 a4 44. Kc3 Rb1 45. Kc2 Rb3 46. g5 fxg5 47. Rxa4 Rf3 48. Ra6 Rxf5 49. Kd3 Re5 50. Rb6 Kh7 51. Ra6 g4 52. Ra4 Rg5 53. Ke3 g3 54. Ra1 Kg6 55. Kf3 g2 1/2-1/2

[Event "FIDE WYCC Girls U14 2023"]
[Site "Montesilvano"]
[Date "2023.11.23"]
[Round "10.31"]
[White "Li, Anna Sofie"]
[Black "Mongoljin, Davaadorj"]
[Result "*"]
[WhiteElo "1722"]
[BlackElo "1077"]
[Annotator "NA RC"]
[PlyCount "84"]
[EventDate "2023.11.13"]
[EventType "swiss"]
[EventCountry "ITA"]
[SourceTitle "playchess.com"]
[Source "ChessBase"]
[SourceQuality "1"]
[TimeControl "40/5400+30:1800+30"]

1. e4 c5 2. Nf3 d6 3. d4 cxd4 4. Nxd4 Nf6 5. Nc3 Nc6 6. f3 e5 7. Nb3 Be6 8. Nd5 Bxd5 9. exd5 Nd4 10. Nxd4 exd4 11. Bb5+ Nd7 12. Bxd7+ Qxd7 13. Qxd4 Qc7 14. c3 h6 15. O-O Qc5 16. Re1+ Kd7 17. Be3 Qxd4 18. Bxd4 a6 19. c4 Rc8 20. Rac1 Rg8 21. Rc3 g5 22. Rb3 Rc7 23. Rc3 Bg7 24. Bxg7 Rxg7 25. b4 f6 26. Re6 Rf7 27. c5 dxc5 28. bxc5 Kd8 29. c6 bxc6 30. Rcxc6 Rxc6 31. Rxc6 a5 32. Ra6 Rd7 33. Rxa5 Ke7 34. Kf2 h5 35. a4 Kd6 36. Ke3 Ke5 37. g3 Rd6 38. Rb5 Ra6 39. a5 Ra7 40. Kd3 Kd6 41. Kd4 Kd7 42. Kc5 Rc7+ *

[Event "FIDE WYCC Girls U14 2023"]
[Site "Montesilvano"]
[Date "2023.11.23"]
[Round "10.32"]
[White "Briem, Gudrun Fanney"]
[Black "Wang, Yushin Andrea"]
[Result "1-0"]
[ECO "D00"]
[WhiteElo "1692"]
[BlackElo "1186"]
[Annotator "NA RC"]
[PlyCount "81"]
[EventDate "2023.11.13"]
[EventType "swiss"]
[EventCountry "ITA"]
[SourceTitle "playchess.com"]
[Source "ChessBase"]
[SourceQuality "1"]
[TimeControl "40/5400+30:1800+30"]

1. d4 d5 2. Bf4 c5 3. e3 Nc6 4. Nf3 Bg4 5. Be2 Nf6 6. Nbd2 Qb6 7. dxc5 Qxb2 8. Rb1 Qc3 9. O-O g6 10. Rxb7 Qxc5 11. Bb5 Bd7 12. Qa1 Bg7 13. Nb3 Qa3 14. Rxd7 O-O 15. Rb7 Nd8 16. Rc7 Ne8 17. Rc3 Bxc3 18. Qxc3 Ng7 19. Bh6 Nde6 20. Bd7 Rfd8 21. Bxe6 Nxe6 22. Ng5 d4 23. exd4 Rac8 24. Qe3 Nxg5 25. Bxg5 f6 26. Bh6 Qd6 27. c3 e5 28. h4 exd4 29. cxd4 Re8 30. Qd3 Qa3 31. Qf3 Qd6 32. Rd1 Re7 33. d5 Rce8 34. Bf4 Re1+ 35. Rxe1 Rxe1+ 36. Kh2 Qb4 37. d6 Qe4 38. Qxe4 Rxe4 39. d7 Rxf4 40. d8=Q+ Kg7 41. Qc7+ 1-0

[Event "FIDE WYCC Girls U14 2023"]
[Site "Montesilvano"]
[Date "2023.11.23"]
[Round "10.33"]
[White "Negre, Emilie"]
[Black "Michalska, Lena"]
[Result "1-0"]
[ECO "B06"]
[WhiteElo "1871"]
[BlackElo "1640"]
[Annotator "NA RC"]
[PlyCount "55"]
[EventDate "2023.11.13"]
[EventType "swiss"]
[EventCountry "ITA"]
[SourceTitle "playchess.com"]
[Source "ChessBase"]
[SourceQuality "1"]
[TimeControl "40/5400+30:1800+30"]

1. e4 g6 2. d4 Bg7 3. Nc3 a6 4. f4 b5 5. Nf3 Bb7 6. Bd3 Nf6 7. e5 Nd5 8. Ne2 c5 9. c3 c4 10. Bc2 Qc7 11. f5 e6 12. f6 Bf8 13. h4 h6 14. Bf4 d6 15. Qb1 Nxf4 16. Nxf4 Bxf3 17. gxf3 dxe5 18. Nxg6 fxg6 19. Bxg6+ Kd7 20. Qe4 Qc6 21. Qxe5 Qxf3 22. Be4 Bd6 23. Bxf3 Bxe5 24. dxe5 Ra7 25. O-O-O+ Kc7 26. Rd6 Nd7 27. Rxe6 Kc8 28. f7 1-0

[Event "FIDE WYCC Girls U14 2023"]
[Site "Montesilvano"]
[Date "2023.11.23"]
[Round "10.34"]
[White "Blauhut, Anna"]
[Black "Namala, Dhanvi"]
[Result "1-0"]
[ECO "C00"]
[WhiteElo "1640"]
[BlackElo "1388"]
[Annotator "NA"]
[PlyCount "63"]
[EventDate "2023.11.13"]
[EventType "swiss"]
[EventCountry "ITA"]
[SourceTitle "playchess.com"]
[Source "ChessBase"]
[SourceQuality "1"]
[TimeControl "40/5400+30:1800+30"]

1. e4 e6 2. b3 Nf6 3. Nc3 d5 4. e5 Nfd7 5. f4 b6 6. Nf3 Bb7 7. Bb2 Be7 8. Qe2 a6 9. g4 c5 10. Bg2 Nc6 11. O-O-O b5 12. Rdf1 Qb6 13. f5 c4 14. Nxd5 exd5 15. f6 cxb3 16. axb3 Rc8 17. fxg7 Rg8 18. e6 Nc5 19. exf7+ Kxf7 20. Nh4+ Ke8 21. Bxd5 Nd4 22. Bf7+ Kd8 23. Bxd4 Nxb3+ 24. Bxb3 Qxd4 25. Qxe7+ Kxe7 26. Nf5+ Kd8 27. Nxd4 Bxh1 28. Rf8+ Ke7 29. Nf5+ Kd7 30. Bxg8 Rc5 31. Be6+ Kxe6 32. g8=Q+ 1-0

[Event "FIDE WYCC Girls U14 2023"]
[Site "Montesilvano"]
[Date "2023.11.23"]
[Round "10.35"]
[White "Dukic, Teona"]
[Black "Stankovic, Andrea"]
[Result "*"]
[ECO "E00"]
[WhiteElo "1343"]
[BlackElo "1768"]
[Annotator "NA RC"]
[PlyCount "64"]
[EventDate "2023.11.13"]
[EventType "swiss"]
[EventCountry "ITA"]
[SourceTitle "playchess.com"]
[Source "ChessBase"]
[SourceQuality "1"]
[TimeControl "40/5400+30:1800+30"]

1. d4 e6 2. c4 Nf6 3. Nf3 Bb4+ 4. Bd2 Qe7 5. Qc2 Bxd2+ 6. Qxd2 d6 7. Nc3 c6 8. e3 e5 9. d5 e4 10. Nd4 c5 11. Nc2 Bf5 12. Be2 Nbd7 13. O-O O-O 14. Rfe1 Rfe8 15. Nb5 Ne5 16. f4 exf3 17. gxf3 a6 18. Nc3 Nh5 19. f4 Ng4 20. Bxg4 Bxg4 21. e4 Qh4 22. Rf1 f5 23. Rae1 Bh3 24. Rf2 fxe4 25. Nxe4 Rf8 26. Nxd6 Nxf4 27. Re4 g5 28. Re1 Bf5 29. Kh1 Bxc2 30. Qxc2 Nd3 31. Rxf8+ Rxf8 32. Rd1 Rf2 *

[Event "FIDE WYCC Girls U14 2023"]
[Site "Montesilvano"]
[Date "2023.11.24"]
[Round "11.1"]
[White "Jiang, Tianyu"]
[Black "Shukhman, Anna"]
[Result "1/2-1/2"]
[ECO "B43"]
[WhiteElo "1917"]
[BlackElo "2263"]
[Annotator "RC"]
[PlyCount "124"]
[EventDate "2023.11.13"]
[EventType "swiss"]
[EventCountry "ITA"]
[SourceTitle "playchess.com"]
[Source "ChessBase"]
[SourceQuality "1"]
[TimeControl "40/5400+30:1800+30"]

1. e4 c5 2. Nf3 e6 3. Nc3 a6 4. d4 cxd4 5. Nxd4 b5 6. Bd3 Bb7 7. O-O Nc6 8. Nxc6 Bxc6 9. Re1 Qb8 10. a4 bxa4 11. Nxa4 Bd6 12. h3 Ne7 13. Be3 Bh2+ 14. Kh1 Bf4 15. Bxf4 Qxf4 16. Qe2 O-O 17. Qe3 Qxe3 18. Rxe3 a5 19. Ree1 Rfb8 20. b3 f6 21. Nc3 Ng6 22. Ra2 Ne5 23. Bf1 g5 24. f3 Rc8 25. Rd1 Kf8 26. Nb5 h5 27. Nd4 g4 28. hxg4 hxg4 29. f4 Bxe4 30. fxe5 fxe5 31. Nb5 Ke7 32. Bd3 Bc6 33. Kh2 g3+ 34. Kxg3 Rg8+ 35. Kf2 Rxg2+ 36. Ke1 Rh8 37. Bf1 Rh1 38. Nc3 e4 39. Rxa5 e3 40. Rh5 Rxh5 41. Bxg2 Bxg2 42. Ke2 Rh3 43. Rd3 d5 44. Rxe3 Rh2 45. Kd3 Kd6 46. Re1 Bh3 47. Nb5+ Ke7 48. c4 Bf5+ 49. Kd4 Rd2+ 50. Kc5 Kf6 51. Nd4 dxc4 52. bxc4 Bh3 53. Re3 Bg4 54. Re4 Bf5 55. Re1 Rd3 56. Re2 Bh3 57. Rf2+ Bf5 58. Nxf5 exf5 59. Kb6 Rb3+ 60. Ka6 Ke5 61. c5 Rc3 62. Kb6 Rb3+ 1/2-1/2

[Event "FIDE WYCC Girls U14 2023"]
[Site "Montesilvano"]
[Date "2023.11.24"]
[Round "11.2"]
[White "Mou, Iris"]
[Black "Natoli, Alessia"]
[Result "1-0"]
[ECO "B30"]
[WhiteElo "2086"]
[BlackElo "1756"]
[Annotator "NA RC"]
[PlyCount "53"]
[EventDate "2023.11.13"]
[EventType "swiss"]
[EventCountry "ITA"]
[SourceTitle "playchess.com"]
[Source "ChessBase"]
[SourceQuality "1"]
[TimeControl "40/5400+30:1800+30"]

1. e4 c5 2. Nf3 Nc6 3. Bb5 e6 4. Bxc6 bxc6 5. O-O Ne7 6. b3 f6 7. h4 e5 8. c3 d5 9. Qe2 a5 10. d3 a4 11. bxa4 c4 12. dxc4 Rxa4 13. cxd5 Ba6 14. Qc2 Qa5 15. Rd1 cxd5 16. exd5 Nc8 17. Nbd2 Bc4 18. Nxc4 Rxc4 19. Qf5 Nd6 20. Qe6+ Be7 21. Rb1 Qc7 22. Ba3 Kd8 23. Nd2 Ra4 24. Bc5 Nc8 25. d6 Bxd6 26. Bxd6 Nxd6 27. Ne4 1-0

[Event "FIDE WYCC Girls U14 2023"]
[Site "Montesilvano"]
[Date "2023.11.24"]
[Round "11.3"]
[White "Derlich, Sarah Sima"]
[Black "Lyutsinger, Iren"]
[Result "0-1"]
[ECO "B52"]
[WhiteElo "1745"]
[BlackElo "2020"]
[Annotator "NA RC"]
[PlyCount "144"]
[EventDate "2023.11.13"]
[EventType "swiss"]
[EventCountry "ITA"]
[SourceTitle "playchess.com"]
[Source "ChessBase"]
[SourceQuality "1"]
[TimeControl "40/5400+30:1800+30"]

1. e4 c5 2. Nf3 d6 3. Bb5+ Bd7 4. Bxd7+ Qxd7 5. c4 Nf6 6. Nc3 Nc6 7. d3 g6 8. O-O Bg7 9. a3 O-O 10. Rb1 a5 11. Bg5 Rab8 12. Qd2 Rfe8 13. Rfe1 e6 14. Bf4 Rbd8 15. e5 dxe5 16. Nxe5 Nxe5 17. Rxe5 Nh5 18. Rxc5 Nxf4 19. Qxf4 Qxd3 20. Qe4 Bxc3 21. Qxd3 Rxd3 22. bxc3 Rxc3 23. Kf1 Rd8 24. Rb2 Rxa3 25. Rc7 b6 26. Ke2 Rd4 27. Rxb6 Rc3 28. Rbb7 Rf4 29. c5 a4 30. c6 a3 31. Rc8+ Kg7 32. Ra7 Rfc4 33. Rcc7 Kf6 34. Rxf7+ Ke5 35. Ra5+ Kd6 36. g3 Rb3 37. Rfa7 Rc2+ 38. Kf1 Rbb2 39. Rxa3 Rxf2+ 40. Kg1 Rg2+ 41. Kf1 Rxh2 42. Kg1 Rhd2 43. Rd7+ Kxc6 44. Rxd2 Rxd2 45. Ra6+ Kd5 46. Ra7 Ke4 47. Rxh7 g5 48. Rf7 Ra2 49. Rb7 Rd2 50. Rf7 Rd4 51. Kf2 Ra4 52. Rb7 g4 53. Rb2 e5 54. Rd2 Ra3 55. Re2+ Kd4 56. Rd2+ Rd3 57. Ra2 Rf3+ 58. Kg2 Rc3 59. Kf2 Kd3 60. Re2 Rc5 61. Re3+ Kd4 62. Re2 Rc3 63. Rd2+ Rd3 64. Ra2 Rf3+ 65. Kg2 Rc3 66. Kf2 e4 67. Ra4+ Kd3 68. Ra2 e3+ 69. Kf1 Rc1+ 70. Kg2 Rc2+ 71. Rxc2 Kxc2 72. Kf1 Kd2 0-1

[Event "FIDE WYCC Girls U14 2023"]
[Site "Montesilvano"]
[Date "2023.11.24"]
[Round "11.5"]
[White "Trunz, Tamila"]
[Black "Nurgaliyeva, Zarina"]
[Result "0-1"]
[ECO "C84"]
[WhiteElo "1732"]
[BlackElo "2104"]
[Annotator "NA RC"]
[PlyCount "50"]
[EventDate "2023.11.13"]
[EventType "swiss"]
[EventCountry "ITA"]
[SourceTitle "playchess.com"]
[Source "ChessBase"]
[SourceQuality "1"]
[TimeControl "40/5400+30:1800+30"]

1. e4 e5 2. Nf3 Nc6 3. Bb5 a6 4. Ba4 Nf6 5. O-O Be7 6. d3 b5 7. Bb3 d6 8. a3 O-O 9. Re1 Be6 10. Bxe6 fxe6 11. c4 d5 12. exd5 exd5 13. cxb5 axb5 14. Nxe5 Nxe5 15. Rxe5 Bd6 16. Re1 Qd7 17. h3 Qf5 18. Re3 Ng4 19. Rf3 Qe5 20. Rxf8+ Rxf8 21. hxg4 Qh2+ 22. Kf1 Qh1+ 23. Ke2 Rxf2+ 24. Kxf2 Qxd1 25. Be3 Be5 0-1

[Event "FIDE WYCC Girls U14 2023"]
[Site "Montesilvano"]
[Date "2023.11.24"]
[Round "11.6"]
[White "Smietanska, Wiktoria"]
[Black "Huseynova, Lala"]
[Result "1-0"]
[ECO "B90"]
[WhiteElo "2009"]
[BlackElo "1867"]
[Annotator "NA RC"]
[PlyCount "93"]
[EventDate "2023.11.13"]
[EventType "swiss"]
[EventCountry "ITA"]
[SourceTitle "playchess.com"]
[Source "ChessBase"]
[SourceQuality "1"]
[TimeControl "40/5400+30:1800+30"]

1. e4 c5 2. Nf3 d6 3. d4 cxd4 4. Nxd4 Nf6 5. Nc3 a6 6. Be3 e5 7. Nb3 Be6 8. h3 Be7 9. f4 exf4 10. Bxf4 Nc6 11. Qe2 Ne5 12. O-O-O Qc7 13. Kb1 Rc8 14. g4 b5 15. g5 Nfd7 16. Nd4 Nc4 17. Nd5 Bxd5 18. exd5 Nde5 19. Nf5 Nxb2 20. Bxe5 dxe5 21. d6 Nxd1 22. Qxd1 Qd7 23. Nxe7 Rd8 24. Bg2 Qxd6 25. Qxd6 Rxd6 26. Nf5 Rg6 27. Rd1 h6 28. h4 hxg5 29. hxg5 Rg8 30. Be4 Rb6 31. Rd5 Re6 32. Rc5 Kd8 33. Bd5 Rb6 34. Bxf7 Rf8 35. g6 Rf6 36. Nxg7 R8xf7 37. gxf7 Rxf7 38. Ne6+ Kd7 39. Rxe5 Kd6 40. Re2 Kd5 41. Kb2 a5 42. Ng5 Rf4 43. Rd2+ Ke5 44. Rd3 Ra4 45. Rb3 b4 46. Rd3 Kf4 47. Ne6+ 1-0

[Event "FIDE WYCC Girls U14 2023"]
[Site "Montesilvano"]
[Date "2023.11.24"]
[Round "11.7"]
[White "Nguyen, Thuy Linh"]
[Black "Goriachkina, Oksana"]
[Result "0-1"]
[ECO "D02"]
[WhiteElo "1398"]
[BlackElo "1915"]
[Annotator "NA RC"]
[PlyCount "56"]
[EventDate "2023.11.13"]
[EventType "swiss"]
[EventCountry "ITA"]
[SourceTitle "playchess.com"]
[Source "ChessBase"]
[SourceQuality "1"]
[TimeControl "40/5400+30:1800+30"]

1. d4 d5 2. Nf3 Nf6 3. c4 e6 4. g3 c6 5. Qc2 Bd6 6. Bg2 Nbd7 7. O-O O-O 8. Nfd2 e5 9. cxd5 cxd5 10. dxe5 Nxe5 11. Nf3 Bg4 12. Nd4 Qb6 13. Nb3 Rac8 14. Qd1 Nc4 15. h3 Be6 16. e3 Be5 17. Qe2 Ne4 18. Rd1 Rfe8 19. Nd4 Bd7 20. b3 Bxd4 21. Rxd4 Nxg3 22. Qd1 Ne2+ 23. Kh2 Nxd4 24. bxc4 Nc2 25. Qxc2 Rxc4 26. Qd2 Qc7+ 27. f4 Rxc1 28. Qd4 Qb6 0-1

[Event "FIDE WYCC Girls U14 2023"]
[Site "Montesilvano"]
[Date "2023.11.24"]
[Round "11.8"]
[White "Tsetskhladze, Mariam"]
[Black "Gaszka, Zuzanna"]
[Result "0-1"]
[ECO "B12"]
[WhiteElo "1911"]
[BlackElo "1758"]
[Annotator "NA RC"]
[PlyCount "54"]
[EventDate "2023.11.13"]
[EventType "swiss"]
[EventCountry "ITA"]
[SourceTitle "playchess.com"]
[Source "ChessBase"]
[SourceQuality "1"]
[TimeControl "40/5400+30:1800+30"]

1. e4 c6 2. d4 d5 3. e5 Bf5 4. Nd2 e6 5. Nb3 Nd7 6. Nf3 Qc7 7. Be2 f6 8. Bf4 fxe5 9. dxe5 Ne7 10. Nbd4 Ng6 11. Bg3 Ndxe5 12. Nxe5 Nxe5 13. Nxf5 exf5 14. Bh5+ g6 15. Qe2 Bg7 16. f4 O-O 17. fxe5 f4 18. Bh4 Rf5 19. O-O-O Rxe5 20. Qg4 Rxh5 21. Rhe1 Qc8 22. Qxc8+ Rxc8 23. Bf2 Rxh2 24. Re7 Rxg2 25. Bxa7 b5 26. Rf1 g5 27. Bc5 Bf8 0-1

[Event "FIDE WYCC Girls U14 2023"]
[Site "Montesilvano"]
[Date "2023.11.24"]
[Round "11.9"]
[White "Ciarletta, Iris"]
[Black "Agamyradova, Mahri"]
[Result "1/2-1/2"]
[ECO "D37"]
[WhiteElo "1882"]
[BlackElo "1652"]
[Annotator "NA RC"]
[PlyCount "81"]
[EventDate "2023.11.13"]
[EventType "swiss"]
[EventCountry "ITA"]
[SourceTitle "playchess.com"]
[Source "ChessBase"]
[SourceQuality "1"]
[TimeControl "40/5400+30:1800+30"]

1. d4 Nf6 2. c4 e6 3. Nf3 d5 4. Nc3 Be7 5. cxd5 exd5 6. Bf4 c6 7. Qc2 O-O 8. e3 Ne4 9. Bd3 f5 10. Ne5 Nd7 11. f3 Nxe5 12. Bxe5 Nxc3 13. bxc3 Bd6 14. Bxd6 Qxd6 15. O-O Be6 16. e4 fxe4 17. fxe4 dxe4 18. Bxe4 h6 19. Bf3 Rf6 20. Rfe1 Raf8 21. Re2 Bc4 22. Re5 Rg6 23. Rf5 Rgf6 24. Rxf6 Qxf6 25. Re1 Qg5 26. Qf2 Kh8 27. Re5 Qc1+ 28. Qe1 Qxe1+ 29. Rxe1 Bxa2 30. Ra1 Bc4 31. Rxa7 Ba6 32. h3 Rc8 33. Kf2 Kg8 34. d5 cxd5 35. Bxd5+ Kf8 36. Bxb7 Bxb7 37. Rxb7 Rxc3 38. Rd7 Ra3 39. Kg1 Kg8 40. Kh2 Kh7 41. Rb7 1/2-1/2

[Event "FIDE WYCC Girls U14 2023"]
[Site "Montesilvano"]
[Date "2023.11.24"]
[Round "11.10"]
[White "Toth, Lili"]
[Black "Sachi Jain"]
[Result "1-0"]
[ECO "C54"]
[WhiteElo "2199"]
[BlackElo "1743"]
[Annotator "RC"]
[PlyCount "103"]
[EventDate "2023.11.13"]
[EventType "swiss"]
[EventCountry "ITA"]
[SourceTitle "playchess.com"]
[Source "ChessBase"]
[SourceQuality "1"]
[TimeControl "40/5400+30:1800+30"]

1. e4 e5 2. Nf3 Nc6 3. Bc4 Bc5 4. c3 Nf6 5. d4 exd4 6. b4 Bb6 7. e5 d5 8. exf6 dxc4 9. Qe2+ Be6 10. b5 Na5 11. fxg7 Rg8 12. cxd4 Qd7 13. Nc3 O-O-O 14. Bg5 Rde8 15. O-O-O Bf5 16. Qd2 Rxg7 17. Rhe1 Rgg8 18. Rxe8+ Rxe8 19. Re1 Re6 20. d5 Rxe1+ 21. Qxe1 c6 22. Qe5 Bg6 23. Qh8+ Bd8 24. Ne5 Qd6 25. Qxd8+ Qxd8 26. Bxd8 Kxd8 27. bxc6 bxc6 28. dxc6 f6 29. Nxg6 hxg6 30. Nd5 Nxc6 31. Nxf6 Nb4 32. Kb2 Nd3+ 33. Kc3 Nxf2 34. Kxc4 Ke7 35. Nd5+ Kd6 36. Kd4 Ng4 37. h4 Ke6 38. Ne3 Nh6 39. g4 Nf7 40. a4 Ne5 41. Ke4 Nd7 42. a5 Nc5+ 43. Kf4 Nb3 44. Kg5 Nxa5 45. Kxg6 Nc6 46. h5 Ne5+ 47. Kg7 Nf7 48. h6 a5 49. Nc4 a4 50. h7 Ke7 51. g5 Ke6 52. g6 1-0

[Event "FIDE WYCC Girls U14 2023"]
[Site "Montesilvano"]
[Date "2023.11.24"]
[Round "11.11"]
[White "Stefan, Iulia-Cristiana"]
[Black "Negre, Emilie"]
[Result "1-0"]
[ECO "D02"]
[WhiteElo "1748"]
[BlackElo "1871"]
[Annotator "NA RC"]
[PlyCount "69"]
[EventDate "2023.11.13"]
[EventType "swiss"]
[EventCountry "ITA"]
[SourceTitle "playchess.com"]
[Source "ChessBase"]
[SourceQuality "1"]
[TimeControl "40/5400+30:1800+30"]

1. d4 Nf6 2. Nf3 d5 3. Bf4 e6 4. e3 Bd6 5. Ne5 O-O 6. Nd2 c5 7. c3 Qc7 8. Bd3 Nc6 9. Ndf3 cxd4 10. exd4 Ng4 11. Ng5 f5 12. Nxh7 Kxh7 13. Qxg4 Nxe5 14. dxe5 Bxe5 15. Qh5+ Kg8 16. Be3 Bxc3+ 17. bxc3 Qxc3+ 18. Ke2 Qb2+ 19. Bd2 Qe5+ 20. Kf3 Qd4 21. Ke2 Qe5+ 22. Kf3 Bd7 23. Rhe1 Qd4 24. Ke2 e5 25. Be3 Be8 26. Qg5 Qb2+ 27. Kf1 d4 28. Bd2 e4 29. Reb1 Qa3 30. Rb3 Qd6 31. Bb4 Qxh2 32. Bxf8 Kxf8 33. Qxf5+ Kg8 34. Bc4+ Kh8 35. Rh3+ 1-0

[Event "FIDE WYCC Girls U14 2023"]
[Site "Montesilvano"]
[Date "2023.11.24"]
[Round "11.12"]
[White "Saparya Ghosh"]
[Black "Zhang, Michelle"]
[Result "0-1"]
[ECO "D11"]
[WhiteElo "1659"]
[BlackElo "1833"]
[Annotator "NA RC"]
[PlyCount "52"]
[EventDate "2023.11.13"]
[EventType "swiss"]
[EventCountry "ITA"]
[SourceTitle "playchess.com"]
[Source "ChessBase"]
[SourceQuality "1"]
[TimeControl "40/5400+30:1800+30"]

1. d4 d5 2. c4 c6 3. Nf3 Nf6 4. Qb3 dxc4 5. Qxc4 Bf5 6. g3 e6 7. Bg2 Nbd7 8. Nc3 Be7 9. O-O h6 10. Re1 O-O 11. e4 Bh7 12. Bf4 Rc8 13. a3 c5 14. Rad1 cxd4 15. Qxd4 Bc5 16. Qd2 Ng4 17. Qxd7 Nxf2 18. Kf1 Nxd1 19. Rxd1 Qb6 20. b4 Be3 21. Na4 Qa6+ 22. b5 Qxa4 23. Bxe3 Qxe4 24. Bxa7 Rc2 25. Bf2 Qe2+ 26. Kg1 Qxf2+ 0-1

[Event "FIDE WYCC Girls U14 2023"]
[Site "Montesilvano"]
[Date "2023.11.24"]
[Round "11.13"]
[White "Suyamin, Bonjoure Fille"]
[Black "Skramstad, Oda Kofoed"]
[Result "0-1"]
[ECO "E94"]
[WhiteElo "1570"]
[BlackElo "1801"]
[Annotator "NA RC"]
[PlyCount "62"]
[EventDate "2023.11.13"]
[EventType "swiss"]
[EventCountry "ITA"]
[SourceTitle "playchess.com"]
[Source "ChessBase"]
[SourceQuality "1"]
[TimeControl "40/5400+30:1800+30"]

1. d4 Nf6 2. Nf3 g6 3. c4 Bg7 4. Nc3 O-O 5. e4 d6 6. Be2 e5 7. O-O exd4 8. Nxd4 Re8 9. f3 c6 10. Bg5 Qb6 11. Na4 Qa5 12. Bd2 Qd8 13. Nb3 Nbd7 14. Bb4 d5 15. cxd5 cxd5 16. exd5 Nxd5 17. Qxd5 Rxe2 18. Rae1 Re5 19. Rxe5 Bxe5 20. Nbc5 Qc7 21. Re1 Bxh2+ 22. Kh1 Qd6 23. Nxd7 Qxd7 24. Qc5 Qd8 25. Re7 Bg3 26. Nc3 Be6 27. Rxb7 Qh4+ 28. Kg1 Qh2+ 29. Kf1 Qh1+ 30. Qg1 Bc4+ 31. Ne2 Bxe2+ 0-1

[Event "FIDE WYCC Girls U14 2023"]
[Site "Montesilvano"]
[Date "2023.11.24"]
[Round "11.14"]
[White "Orazalina, Nursulu"]
[Black "Montano Vicente, Guadalupe"]
[Result "0-1"]
[ECO "B90"]
[WhiteElo "1428"]
[BlackElo "1794"]
[Annotator "NA"]
[PlyCount "86"]
[EventDate "2023.11.13"]
[EventType "swiss"]
[EventCountry "ITA"]
[SourceTitle "playchess.com"]
[Source "ChessBase"]
[SourceQuality "1"]
[TimeControl "40/5400+30:1800+30"]

1. e4 c5 2. Nf3 d6 3. d4 cxd4 4. Nxd4 Nf6 5. Nc3 a6 6. f3 e5 7. Nb3 Be6 8. Be3 h5 9. Qd2 Nbd7 10. O-O-O Rc8 11. g3 b5 12. Qf2 Qc7 13. Nd5 Nxd5 14. exd5 Bf5 15. Bd3 Bxd3 16. Rxd3 b4 17. f4 a5 18. Kb1 a4 19. Nc1 Be7 20. Re1 O-O 21. Re2 Bf6 22. Qf3 Rfe8 23. Rdd2 Ra8 24. Bf2 a3 25. bxa3 Rxa3 26. Rd3 Ra4 27. Qxh5 e4 28. Rb3 Nc5 29. Bxc5 Qxc5 30. g4 Qd4 31. c3 bxc3 32. Rc2 g6 33. Qh3 Qxd5 34. f5 e3 35. fxg6 fxg6 36. Qf1 Bg7 37. Qe2 Rf4 38. Nd3 Rf7 39. h3 Qh1+ 40. Rc1 Qf3 41. Qh2 Qc6 42. Qe2 Qd5 43. Rd1 Qf3 0-1